TOP OF THE 1ST |
Texas Rangers batting - Pitching for Seattle Mariners : RHP Larry Aubel
|
Pitching: RHP Larry Aubel
|
|
Batting: LHB Lenny Dykstra
|
0-0: Ball 1-0: Foul Ball, location: 2F 1-1: Ball 2-1: Ball 3-1: Foul Ball, location: 2F 3-2: Foul Ball, location: 2F 3-2: Strikes out swinging
|
Batting: RHB Kirby Puckett
|
0-0: Ball 1-0: Swinging Strike 1-1: Ground out 5-3 (Groundball, 56, EV 97.5 MPH)
|
Batting: RHB Steve Garvey
|
0-0: Ball 1-0: Fly out, F8 (Flyball, 8RXD, EV 104.4 MPH)
|
Top of the 1st over - 0 runs, 0 hits, 0 errors, 0 left on base; Texas 0 - Seattle 0 |
BOTTOM OF THE 1ST |
Seattle Mariners batting - Pitching for Texas Rangers : RHP Pascual Perez
|
Pitching: RHP Pascual Perez
|
|
Batting: LHB Jose Perales
|
0-0: Ball 1-0: Called Strike 1-1: Foul Ball, location: 2F 1-2: Ball 2-2: Foul Ball, location: 2F 2-2: Ball 3-2: Base on Balls
|
Batting: LHB Mike Stenhouse
|
0-0: Ball 1-0: Bunted foul 1-1: Bunted foul 1-2: Fly out, F8 (Flyball, 8RD, EV 93.8 MPH)
|
Batting: RHB Robin Yount
|
0-0: Called Strike 0-1: Ball 1-1: Ball Wild Pitch! Jose Perales to second 2-1: Ball 3-1: Foul Ball, location: 2F 3-2: SINGLE (Groundball, 6MS, EV 68.8 MPH) (infield hit) Jose Perales to third
|
Batting: LHB Don Mattingly
|
0-0: Ball 1-0: Ball 2-0: Ball 3-0: Base on Balls Robin Yount to second
|
Batting: LHB Chris Wynn
|
0-0: Ball 1-0: Swinging Strike 1-1: Ball 2-1: Foul Ball, location: 2F 2-2: Strikes out swinging
|
Batting: RHB Tony Conigliaro
|
0-0: Fly out, F7 (Flyball, 7S, EV 85.6 MPH)
|
Bottom of the 1st over - 0 runs, 1 hit, 0 errors, 3 left on base; Texas 0 - Seattle 0 |
TOP OF THE 2ND |
Texas Rangers batting - Pitching for Seattle Mariners : RHP Larry Aubel
|
Batting: RHB Steve Balboni
|
0-0: Fly out, F5 (Popup, 56S, EV 74.4 MPH)
|
Batting: LHB Jody Helser
|
0-0: Called Strike 0-1: Swinging Strike 0-2: Fly out, F7 (Flyball, 7, EV 90.0 MPH)
|
Batting: LHB Richie Hebner
|
0-0: Ball 1-0: Ball 2-0: Fly out, F8 (Line Drive, 8LM, EV 93.1 MPH)
|
Top of the 2nd over - 0 runs, 0 hits, 0 errors, 0 left on base; Texas 0 - Seattle 0 |
BOTTOM OF THE 2ND |
Seattle Mariners batting - Pitching for Texas Rangers : RHP Pascual Perez
|
Batting: LHB Ivan Flores
|
0-0: Foul Ball, location: 2F 0-1: Foul Ball, location: 2F 0-2: Ball 1-2: Strikes out swinging
|
Batting: RHB Ryne Sandberg
|
0-0: Ball 1-0: Foul Ball, location: 2F 1-1: Foul Ball, location: 2F 1-2: Ball 2-2: Foul Ball, location: 2F 2-2: Strikes out swinging
|
Batting: RHB John Rabb
|
0-0: Ball 1-0: Ground out 4-3 (Groundball, 4, EV 86.9 MPH)
|
Bottom of the 2nd over - 0 runs, 0 hits, 0 errors, 0 left on base; Texas 0 - Seattle 0 |
TOP OF THE 3RD |
Texas Rangers batting - Pitching for Seattle Mariners : RHP Larry Aubel
|
Batting: LHB Ernie Whitt
|
0-0: Ball 1-0: Ball 2-0: Swinging Strike 2-1: Foul Ball, location: 2F 2-2: Ground out U3 (Groundball, 34S, EV 91.3 MPH)
|
Batting: RHB Juan Rodriguez
|
0-0: Ground out 5-3 (Groundball, 56, EV 89.4 MPH)
|
Batting: RHB Juan Samuel
|
0-0: Called Strike 0-1: Ball 1-1: Called Strike 1-2: Foul Ball, location: 2F 1-2: Ball 2-2: Foul Ball, location: 2F 2-2: Strikes out swinging
|
Top of the 3rd over - 0 runs, 0 hits, 0 errors, 0 left on base; Texas 0 - Seattle 0 |
BOTTOM OF THE 3RD |
Seattle Mariners batting - Pitching for Texas Rangers : RHP Pascual Perez
|
Batting: LHB Jose Perales
|
0-0: Ball 1-0: Ball 2-0: Ground out 6-3 (Groundball, 6, EV 101.3 MPH)
|
Batting: LHB Mike Stenhouse
|
0-0: Called Strike 0-1: Swinging Strike 0-2: SINGLE (Groundball, 34D, EV 108.8 MPH)
|
Batting: RHB Robin Yount
|
0-0: Ball 1-0: Ball 2-0: Swinging Strike 2-1: Foul Ball, location: 2F 2-2: Strikes out swinging
|
Batting: LHB Don Mattingly
|
0-0: Ball 1-0: DOUBLE (Flyball, 7LD, EV 100.6 MPH) Mike Stenhouse to third Runner from 3rd tries for Home, SAFE, throw by LF to trailing runner, SAFE at third!
|
Batting: LHB Chris Wynn
|
0-0: Called Strike 0-1: Foul Ball, location: 2F 0-2: Ball 1-2: Foul Ball, location: 2F 1-2: Ground out 5-3 (Groundball, 56S, EV 79.4 MPH)
|
Bottom of the 3rd over - 1 run, 2 hits, 0 errors, 1 left on base; Texas 0 - Seattle 1 |
TOP OF THE 4TH |
Texas Rangers batting - Pitching for Seattle Mariners : RHP Larry Aubel
|
Batting: LHB Lenny Dykstra
|
0-0: Reached on error, E4 (Groundball, 4, EV 105.0 MPH)
|
Batting: RHB Kirby Puckett
|
0-0: Ball 1-0: Ball 2-0: Ball 3-0: Called Strike 3-1: Base on Balls Lenny Dykstra to second
|
Batting: RHB Steve Garvey
|
0-0: Called Strike 0-1: Called Strike 0-2: Foul Ball, location: 2F 0-2: Ball 1-2: Foul Ball, location: 2F 1-2: Foul Ball, location: 2F 1-2: Grounds into double play, 4-6-3 (Groundball, 4, EV 84.4 MPH) Lenny Dykstra to third
|
Batting: RHB Steve Balboni
|
0-0: Ball 1-0: Called Strike 1-1: Ball 2-1: Ball 3-1: Fly out, F8 (Flyball, 78M, EV 88.1 MPH)
|
Top of the 4th over - 0 runs, 0 hits, 1 error, 1 left on base; Texas 0 - Seattle 1 |
BOTTOM OF THE 4TH |
Seattle Mariners batting - Pitching for Texas Rangers : RHP Pascual Perez
|
Batting: RHB Tony Conigliaro
|
0-0: Called Strike 0-1: Foul Ball, location: 2F 0-2: Foul Ball, location: 2F 0-2: Ball 1-2: Ball 2-2: Fly out, F9 (Flyball, 9, EV 84.4 MPH)
|
Batting: LHB Ivan Flores
|
0-0: Ball 1-0: Ball 2-0: Called Strike 2-1: Ball 3-1: Foul Ball, location: 2F 3-2: Foul Ball, location: 2F 3-2: Foul Ball, location: 2F 3-2: Ground out 5-3 (Groundball, 56, EV 102.5 MPH)
|
Batting: RHB Ryne Sandberg
|
0-0: Ball 1-0: Ball 2-0: Ball 3-0: Base on Balls
|
Batting: RHB John Rabb
|
0-0: Called Strike 0-1: Called Strike 0-2: Foul Ball, location: 2F 0-2: Ball 1-2: Strikes out swinging
|
Bottom of the 4th over - 0 runs, 0 hits, 0 errors, 1 left on base; Texas 0 - Seattle 1 |
TOP OF THE 5TH |
Texas Rangers batting - Pitching for Seattle Mariners : RHP Larry Aubel
|
Batting: LHB Jody Helser
|
0-0: Foul Ball, location: 2F 0-1: Ball 1-1: Ground out 4-3 (Groundball, 4, EV 96.9 MPH)
|
Batting: LHB Richie Hebner
|
0-0: Ball 1-0: Foul Ball, location: 2F 1-1: Ball 2-1: Foul Ball, location: 2F 2-2: Strikes out swinging
|
Batting: LHB Ernie Whitt
|
0-0: Ball 1-0: SINGLE (Groundball, 6D, EV 106.9 MPH)
|
Batting: RHB Juan Rodriguez
|
0-0: Called Strike 0-1: Fly out, F8 (Flyball, 8LS, EV 83.8 MPH)
|
Top of the 5th over - 0 runs, 1 hit, 0 errors, 1 left on base; Texas 0 - Seattle 1 |
BOTTOM OF THE 5TH |
Seattle Mariners batting - Pitching for Texas Rangers : RHP Pascual Perez
|
Batting: LHB Jose Perales
|
0-0: Ball 1-0: Ball 2-0: Foul Ball, location: 2F 2-1: Foul Ball, location: 2F 2-2: Foul Ball, location: 2F 2-2: Ball 3-2: Fly out, F9 (Flyball, 9LD, EV 103.8 MPH)
|
Batting: LHB Mike Stenhouse
|
0-0: Fly out, F5 (Flyball, 5D, EV 91.3 MPH)
|
Batting: RHB Robin Yount
|
0-0: Fly out, F3 (Popup, 3F, EV 66.3 MPH)
|
Bottom of the 5th over - 0 runs, 0 hits, 0 errors, 0 left on base; Texas 0 - Seattle 1 |
TOP OF THE 6TH |
Texas Rangers batting - Pitching for Seattle Mariners : RHP Larry Aubel
|
Batting: RHB Juan Samuel
|
0-0: Called Strike 0-1: Called Strike 0-2: Ball 1-2: SINGLE (Flyball, 7LS, EV 95.6 MPH)
|
Batting: LHB Lenny Dykstra
|
0-0: Called Strike 0-1: Ball 1-1: Ball 2-1: SINGLE (Popup, 6D, EV 70.0 MPH) Juan Samuel to second
|
Batting: RHB Kirby Puckett
|
0-0: Ball 1-0: Ball 2-0: Swinging Strike 2-1: Foul Ball, location: 2F 2-2: Fielders Choice at 2nd, 4-6 (Groundball, 4, EV 85.6 MPH) Juan Samuel to third
|
Batting: RHB Steve Garvey
|
0-0: Called Strike 0-1: Hit by Pitch Kirby Puckett to second
|
Batting: RHB Steve Balboni
|
0-0: Ball 1-0: Ball 2-0: Grounds into fielders choice 6-2 (Groundball, 56, EV 103.1 MPH) Kirby Puckett to third Steve Garvey to second
|
Batting: LHB Jody Helser
|
0-0: Ball 1-0: Called Strike 1-1: Called Strike 1-2: Strikes out swinging
|
Top of the 6th over - 0 runs, 2 hits, 0 errors, 3 left on base; Texas 0 - Seattle 1 |
BOTTOM OF THE 6TH |
Seattle Mariners batting - Pitching for Texas Rangers : RHP Pascual Perez
|
Batting: LHB Don Mattingly
|
0-0: Foul Ball, location: 2F 0-1: Ball 1-1: SINGLE (Groundball, 4M, EV 103.1 MPH) (infield hit)
|
Batting: LHB Chris Wynn
|
0-0: Ball 1-0: Fly out, F8 (Flyball, 8LD, EV 93.1 MPH)
|
Batting: RHB Tony Conigliaro
|
0-0: Ball 1-0: Called Strike 1-1: Ball 2-1: Foul Ball, location: 2F 2-2: Fielders Choice at 2nd, 1-4 (Groundball, 15S, EV 73.1 MPH)
|
Batting: LHB Ivan Flores
|
0-0: Called Strike 0-1: Foul Ball, location: 2F 0-2: Fly out, F9 (Flyball, 89XD, EV 97.5 MPH)
|
Bottom of the 6th over - 0 runs, 1 hit, 0 errors, 1 left on base; Texas 0 - Seattle 1 |
TOP OF THE 7TH |
Texas Rangers batting - Pitching for Seattle Mariners : RHP Larry Aubel
|
Batting: LHB Richie Hebner
|
0-0: Ground out 4-3 (Groundball, 34D, EV 105.0 MPH)
|
Batting: LHB Ernie Whitt
|
0-0: Foul Ball, location: 2F 0-1: Swinging Strike 0-2: Ball 1-2: Strikes out swinging
|
Batting: RHB Juan Rodriguez
|
0-0: Ground out 6-3 (Groundball, 6, EV 88.1 MPH)
|
Top of the 7th over - 0 runs, 0 hits, 0 errors, 0 left on base; Texas 0 - Seattle 1 |
BOTTOM OF THE 7TH |
Seattle Mariners batting - Pitching for Texas Rangers : RHP Pascual Perez
|
Pitching: RHP Ben Hayes
|
|
Batting: RHB Ryne Sandberg
|
0-0: Fly out, F8 (Flyball, 8RD, EV 100.6 MPH)
|
Batting: RHB John Rabb
|
0-0: Swinging Strike 0-1: Ball 1-1: Ball 2-1: Foul Ball, location: 2F 2-2: Ball 3-2: Base on Balls
|
Batting: LHB Jose Perales
|
0-0: Swinging Strike 0-1: Ball 1-1: Swinging Strike 1-2: Ball 2-2: Foul Ball, location: 2F 2-2: Strikes out looking
|
Batting: LHB Mike Stenhouse
|
0-0: Ball 1-0: Swinging Strike 1-1: Called Strike John Rabb steals 2nd base 1-2: Fly out, F7 (Flyball, 7, EV 83.1 MPH)
|
Bottom of the 7th over - 0 runs, 0 hits, 0 errors, 1 left on base; Texas 0 - Seattle 1 |
TOP OF THE 8TH |
Texas Rangers batting - Pitching for Seattle Mariners : RHP Larry Aubel
|
Now in CF: Ramon Estepa
|
|
Batting: RHB Juan Samuel
|
0-0: Foul Ball, location: 2F 0-1: Ball 1-1: SINGLE (Line Drive, 4MD, EV 104.4 MPH)
|
Batting: LHB Lenny Dykstra
|
0-0: Called Strike 0-1: SINGLE (Groundball, 4MD, EV 105.0 MPH) (infield hit) Juan Samuel to second
|
Batting: RHB Kirby Puckett
|
0-0: Foul Ball, location: 2F 0-1: Ball 1-1: Called Strike 1-2: Ball 2-2: Fielders Choice at 2nd, 4-6 (Groundball, 4S, EV 85.0 MPH) Juan Samuel to third
|
Pitching: RHP Nick Bowditch
|
|
Batting: RHB Steve Garvey
|
0-0: Called Strike 0-1: Ground out 5-3 (Groundball, 6S, EV 85.6 MPH) Kirby Puckett to second
|
Batting: RHB Steve Balboni
|
0-0: Ball 1-0: Foul Ball, location: 2F 1-1: Foul Ball, location: 2F 1-2: Ball 2-2: Strikes out swinging
|
Top of the 8th over - 0 runs, 2 hits, 0 errors, 2 left on base; Texas 0 - Seattle 1 |
BOTTOM OF THE 8TH |
Seattle Mariners batting - Pitching for Texas Rangers : RHP Ben Hayes
|
Batting: RHB Robin Yount
|
0-0: Foul Ball, location: 2F 0-1: Ball 1-1: Ball 2-1: Ground out 6-3 (Groundball, 6S, EV 91.9 MPH)
|
Batting: LHB Don Mattingly
|
0-0: Ball 1-0: Fly out, F8 (Line Drive, 8RD, EV 93.1 MPH)
|
Batting: LHB Chris Wynn
|
0-0: Foul Ball, location: 2F 0-1: Ball 1-1: Ball 2-1: Ball 3-1: Foul Ball, location: 2F 3-2: Base on Balls
|
Pinch Runner at 1st Miguel Dilone:
|
|
Batting: RHB Tony Conigliaro
|
0-0: Ball Miguel Dilone steals 2nd base 1-0: Ball 2-0: Called Strike 2-1: Called Strike 2-2: Strikes out swinging
|
Bottom of the 8th over - 0 runs, 0 hits, 0 errors, 1 left on base; Texas 0 - Seattle 1 |
TOP OF THE 9TH |
Texas Rangers batting - Pitching for Seattle Mariners : RHP Nick Bowditch
|
Batting: LHB Jody Helser
|
0-0: Ball 1-0: Called Strike 1-1: Foul Ball, location: 2F 1-2: Foul Ball, location: 2F 1-2: Hit by Pitch
|
Batting: LHB Richie Hebner
|
0-0: Called Strike 0-1: Ball 1-1: Swinging Strike 1-2: Ball 2-2: 2-RUN HOME RUN (Flyball, 89XD, EV 95.0 MPH), Distance : 406 ft
|
Batting: LHB Ernie Whitt
|
0-0: Ball 1-0: Ball 2-0: SINGLE (Line Drive, 6D, EV 95.6 MPH)
|
Batting: RHB Juan Rodriguez
|
0-0: Ball 1-0: Ball 2-0: Bunted foul 2-1: Bunted foul 2-2: Strikes out looking
|
Batting: RHB Juan Samuel
|
0-0: Called Strike 0-1: Ball 1-1: Called Strike 1-2: Ground out 5-3 (Groundball, 5S, EV 66.9 MPH) Ernie Whitt to second
|
Batting: LHB Lenny Dykstra
|
0-0: Called Strike 0-1: Called Strike 0-2: Ball 1-2: Strikes out swinging
|
Top of the 9th over - 2 runs, 2 hits, 0 errors, 1 left on base; Texas 2 - Seattle 1 |
BOTTOM OF THE 9TH |
Seattle Mariners batting - Pitching for Texas Rangers : RHP Ben Hayes
|
Batting: RHB Ramon Estepa
|
0-0: Called Strike 0-1: Ball 1-1: Called Strike 1-2: Strikes out looking
|
Pitching: RHP Kent Tekulve
|
|
Batting: RHB Ryne Sandberg
|
0-0: Ball 1-0: Ground out 4-3 (Groundball, 4, EV 111.9 MPH)
|
Batting: RHB John Rabb
|
0-0: Swinging Strike 0-1: Called Strike 0-2: Strikes out swinging
|
Bottom of the 9th over - 0 runs, 0 hits, 0 errors, 0 left on base; Texas 2 - Seattle 1 |
|